SKY
TEXAS RANGERS @ MEMPHIS BLUES
07/28/2052
 
TOP OF THE 1ST
Texas Rangers batting - Pitching for Memphis Blues : RHP Logan Atwell
Pitching: RHP Logan Atwell
Batting: LHB Wade Briggs 0-0: Ball
1-0: Foul Ball, location: 2F
1-1: Ground out 5-3 (Groundball, 6, EV 86.9 MPH)
Batting: RHB Stanley Gamble 0-0: Called Strike
0-1: Ball
1-1: Ball
2-1: Called Strike
2-2: Strikes out looking
Batting: RHB Santo Alonso 0-0: Foul Ball, location: 3F
0-1: Called Strike
0-2: Foul Ball, location: 5F
0-2: Foul Ball, location: 9LSF
0-2: Foul Ball, location: 2F
0-2: Ball
1-2: Ball
2-2: Foul Ball, location: 9LDF
2-2: SINGLE (Line Drive, 4MD, EV 96.3 MPH)
Batting: RHB Giosue Ceverini 0-0: Foul Ball, location: 2LF
0-1: Swinging Strike
0-2: Ball
1-2: Foul Ball, location: 9LMF
1-2: Foul Ball, location: 9LSF
1-2: Ball
2-2: Ball
3-2: Foul Ball, location: 9LSF
3-2: Ground out U3 (Groundball, 34, EV 85.6 MPH)
Top of the 1st over - 0 runs, 1 hit, 0 errors, 1 left on base; Texas 0 - Memphis 0
BOTTOM OF THE 1ST
Memphis Blues batting - Pitching for Texas Rangers : RHP Lann Orange
Pitching: RHP Lann Orange
Batting: RHB Julien Straton 0-0: Ground out 4-3 (Groundball, 4S, EV 86.3 MPH)
Batting: LHB Caleb Oliver 0-0: Ball
1-0: Foul Ball, location: 5FF
1-1: Called Strike
1-2: Ball
2-2: SINGLE (Line Drive, 6M, EV 97.5 MPH)
Batting: RHB Yohan Roque 0-0: Ball
1-0: Foul Ball, location: 9LMF
1-1: Called Strike
1-2: SINGLE (Line Drive, 78S, EV 93.8 MPH)
Caleb Oliver to second
Batting: LHB R.J. Brown 0-0: Ball
1-0: Fly out, F8 (Flyball, 8RD, EV 98.1 MPH)
Batting: LHB Alex Nicholson 0-0: Called Strike
0-1: Ball
1-1: Ball
2-1: Ball
3-1: Base on Balls
Caleb Oliver to third
Yohan Roque to second
Batting: RHB Miles Hallam 0-0: Ball
1-0: Ball
2-0: Called Strike
2-1: Foul Ball, location: 23F
2-2: Foul Ball, location: 7LDF
2-2: Strikes out swinging
Bottom of the 1st over - 0 runs, 2 hits, 0 errors, 3 left on base; Texas 0 - Memphis 0
TOP OF THE 2ND
Texas Rangers batting - Pitching for Memphis Blues : RHP Logan Atwell
Batting: LHB Jedediah Graves 0-0: Ball
1-0: Ball
2-0: Foul Ball, location: 2F
2-1: Ball
3-1: Called Strike
3-2: Foul Ball, location: 2F
3-2: Strikes out swinging
Batting: RHB Sebastian Carsten 0-0: SINGLE (Groundball, 6MD, EV 108.1 MPH)
Batting: RHB Pedro Medrano 0-0: Foul Ball, location: 7LSF
0-1: Foul Ball, location: 9LMF
0-2: Foul Ball, location: 2RF
0-2: Ball
1-2: Strikes out swinging
Batting: RHB Yanus Cartageno 0-0: Called Strike
0-1: Fly out, F8 (Flyball, 8RM, EV 86.9 MPH)
Top of the 2nd over - 0 runs, 1 hit, 0 errors, 1 left on base; Texas 0 - Memphis 0
BOTTOM OF THE 2ND
Memphis Blues batting - Pitching for Texas Rangers : RHP Lann Orange
Batting: LHB Max Foster 0-0: Fly out, F5 (Line Drive, 56, EV 105.6 MPH)
Batting: RHB Amadeo Ybarra 0-0: Ball
1-0: Foul Ball, location: 2F
1-1: Ball
2-1: Swinging Strike
2-2: Fly out, F9 (Flyball, 9, EV 85.0 MPH)
Batting: RHB Josh Benedict 0-0: Called Strike
0-1: Foul Ball, location: 2F
0-2: Ground out 5-3 (Groundball, 5, EV 108.1 MPH)
Bottom of the 2nd over - 0 runs, 0 hits, 0 errors, 0 left on base; Texas 0 - Memphis 0
TOP OF THE 3RD
Texas Rangers batting - Pitching for Memphis Blues : RHP Logan Atwell
Batting: SHB Juan Pedro Sánchez 0-0: Swinging Strike
0-1: Called Strike
0-2: Ball
1-2: Strikes out swinging
Batting: LHB Wade Briggs 0-0: Called Strike
0-1: Swinging Strike
0-2: Strikes out swinging
Batting: RHB Stanley Gamble 0-0: Ball
1-0: Foul Ball, location: 25F
1-1: Foul Ball, location: 3FF
1-2: Foul Ball, location: 2F
1-2: Foul Ball, location: 9LMF
1-2: Strikes out looking
Top of the 3rd over - 0 runs, 0 hits, 0 errors, 0 left on base; Texas 0 - Memphis 0
BOTTOM OF THE 3RD
Memphis Blues batting - Pitching for Texas Rangers : RHP Lann Orange
Batting: RHB Julien Straton 0-0: Ball
1-0: Foul Ball, location: 2F
1-1: Ball
2-1: Swinging Strike
2-2: Ball
3-2: Foul Ball, location: 3SF
3-2: Base on Balls
Batting: LHB Caleb Oliver 0-0: Called Strike
Julien Straton steals 2nd base
0-1: Ground out 4-3 (Groundball, 4, EV 90.6 MPH)
Julien Straton to third
Batting: RHB Yohan Roque 0-0: Called Strike
0-1: Ball
1-1: Ball
2-1: Swinging Strike
2-2: Ball
3-2: Base on Balls
Batting: LHB R.J. Brown 0-0: Ball
1-0: Fly out, F8 (Flyball, 8RD, EV 102.5 MPH)
Runner from 3rd tags up, SCORES, throw by CF
Batting: LHB Alex Nicholson 0-0: Ball
1-0: Called Strike
1-1: Swinging Strike
1-2: Ball
2-2: Ball
3-2: Ground out 6-3 (Groundball, 6, EV 88.8 MPH)
Bottom of the 3rd over - 1 run, 0 hits, 0 errors, 1 left on base; Texas 0 - Memphis 1
TOP OF THE 4TH
Texas Rangers batting - Pitching for Memphis Blues : RHP Logan Atwell
Batting: RHB Santo Alonso 0-0: Ball
1-0: Foul Ball, location: 7LDF
1-1: Swinging Strike
1-2: Strikes out looking
Batting: RHB Giosue Ceverini 0-0: SINGLE (Groundball, 4MD, EV 99.4 MPH)
Batting: LHB Jedediah Graves 0-0: Ball
1-0: Swinging Strike
1-1: Ball
2-1: Foul Ball, location: 5F
2-2: Ball
3-2: Reached on error, E4 (Groundball, 34D, EV 86.9 MPH)
Giosue Ceverini to second
Batting: RHB Sebastian Carsten 0-0: Ball
1-0: Grounds into double play, 4-6-3 (Groundball, 4, EV 105.0 MPH)
Top of the 4th over - 0 runs, 1 hit, 1 error, 1 left on base; Texas 0 - Memphis 1
BOTTOM OF THE 4TH
Memphis Blues batting - Pitching for Texas Rangers : RHP Lann Orange
Batting: RHB Miles Hallam 0-0: Ball
1-0: Swinging Strike
1-1: Called Strike
1-2: Ball
2-2: Strikes out swinging
Batting: LHB Max Foster 0-0: Foul Ball, location: 7LMF
0-1: Ball
1-1: Swinging Strike
1-2: Ball
2-2: TRIPLE (Flyball, 89XD, EV 93.8 MPH)
Batting: RHB Amadeo Ybarra 0-0: Foul Ball, location: 3F
0-1: Swinging Strike
0-2: Ball
1-2: Ball
2-2: Strikes out swinging
Batting: RHB Josh Benedict 0-0: Ball
1-0: Fly out, F8 (Flyball, 89D, EV 88.8 MPH)
Bottom of the 4th over - 0 runs, 1 hit, 0 errors, 1 left on base; Texas 0 - Memphis 1
TOP OF THE 5TH
Texas Rangers batting - Pitching for Memphis Blues : RHP Logan Atwell
Batting: RHB Pedro Medrano 0-0: Ball
1-0: Called Strike
1-1: Ball
2-1: Called Strike
2-2: Strikes out swinging
Batting: RHB Yanus Cartageno 0-0: Ground out 6-3 (Groundball, 6, EV 98.1 MPH)
Batting: SHB Juan Pedro Sánchez 0-0: Foul Ball, location: 25FF
0-1: Ground out 4-3 (Groundball, 4, EV 99.4 MPH)
Top of the 5th over - 0 runs, 0 hits, 0 errors, 0 left on base; Texas 0 - Memphis 1
BOTTOM OF THE 5TH
Memphis Blues batting - Pitching for Texas Rangers : RHP Lann Orange
Batting: RHB Julien Straton 0-0: Ground out 6-3 (Groundball, 6, EV 76.3 MPH)
Batting: LHB Caleb Oliver 0-0: Ball
1-0: Ball
2-0: Ball
3-0: Called Strike
3-1: Base on Balls
Batting: RHB Yohan Roque 0-0: Ball
1-0: Ball
2-0: Ball
3-0: Called Strike
3-1: Grounds into double play, 6-4-3 (Groundball, 6, EV 106.9 MPH)
Bottom of the 5th over - 0 runs, 0 hits, 0 errors, 0 left on base; Texas 0 - Memphis 1
TOP OF THE 6TH
Texas Rangers batting - Pitching for Memphis Blues : RHP Logan Atwell
Batting: LHB Wade Briggs 0-0: Called Strike
0-1: Ball
1-1: SINGLE (Groundball, 4D, EV 100.0 MPH)
Batting: RHB Stanley Gamble 0-0: Called Strike
0-1: Ball
1-1: Ball
2-1: Ball
3-1: Base on Balls
Wade Briggs to second
Batting: RHB Santo Alonso 0-0: Ball
1-0: Ball
2-0: Foul Ball, location: 9LMF
2-1: Ball
3-1: Called Strike
3-2: Grounds into double play, 5-4-3 (Groundball, 56S, EV 87.5 MPH)
Wade Briggs to third
Batting: RHB Giosue Ceverini 0-0: Hit by Pitch
Batting: LHB Jedediah Graves 0-0: Ball
1-0: Ball
2-0: Swinging Strike
2-1: Ball
3-1: Base on Balls
Giosue Ceverini to second
Batting: RHB Sebastian Carsten 0-0: Reached on error, E3 (Groundball, 13, EV 84.4 MPH)
Wade Briggs scores
Giosue Ceverini to third
Jedediah Graves to second
Batting: RHB Pedro Medrano 0-0: Called Strike
0-1: Ball
1-1: Ball
2-1: Ball
3-1: Base on Balls
Giosue Ceverini scores
Jedediah Graves to third
Sebastian Carsten to second
Pitching: RHP Hastings Anderson
Batting: RHB Yanus Cartageno 0-0: Ball
1-0: Foul Ball, location: 2F
1-1: Foul Ball, location: 9LDF
1-2: Ball
2-2: Foul Ball, location: 9LMF
2-2: Foul Ball, location: 9LDF
2-2: GRAND SLAM HOME RUN (Flyball, 7D, EV 97.5 MPH), Distance : 373 ft
Batting: SHB Juan Pedro Sánchez 0-0: Swinging Strike
0-1: Foul Ball, location: 2LF
0-2: Ball
1-2: Ball
2-2: Ball
3-2: Ground out 4-3 (Groundball, 4, EV 87.5 MPH)
Top of the 6th over - 6 runs, 2 hits, 1 error, 0 left on base; Texas 6 - Memphis 1
BOTTOM OF THE 6TH
Memphis Blues batting - Pitching for Texas Rangers : RHP Lann Orange
Batting: LHB R.J. Brown 0-0: Ball
1-0: Foul Ball, location: 7LSF
1-1: Swinging Strike
1-2: Strikes out swinging
Batting: LHB Alex Nicholson 0-0: Ball
1-0: Foul Ball, location: 23FF
1-1: Swinging Strike
1-2: Fly out, F8 (Flyball, 8LM, EV 86.3 MPH)
Batting: RHB Miles Hallam 0-0: Called Strike
0-1: Swinging Strike
0-2: Foul Ball, location: 3F
0-2: Fly out, F8 (Flyball, 8LD, EV 87.5 MPH)
Bottom of the 6th over - 0 runs, 0 hits, 0 errors, 0 left on base; Texas 6 - Memphis 1
TOP OF THE 7TH
Texas Rangers batting - Pitching for Memphis Blues : RHP Hastings Anderson
Batting: LHB Wade Briggs 0-0: Ball
1-0: Ball
2-0: Ball
3-0: Base on Balls
Batting: RHB Stanley Gamble 0-0: Called Strike
0-1: Ball
1-1: Swinging Strike
1-2: Ball
2-2: Foul Ball, location: 3SF
2-2: SINGLE (Line Drive, 4MD, EV 110.0 MPH)
Wade Briggs to second
Batting: RHB Santo Alonso 0-0: Ball
1-0: Fielders Choice at 2nd, 1-4 (Groundball, 15S, EV 69.4 MPH)
Wade Briggs to third
Batting: RHB Giosue Ceverini 0-0: Called Strike
0-1: Fly out, F8 (Flyball, 8RM, EV 93.8 MPH)
Runner from 3rd tags up, SCORES, throw by CF
Batting: LHB Jedediah Graves 0-0: Fielders Choice at 2nd, 5-4 (Groundball, 56, EV 89.4 MPH)
Top of the 7th over - 1 run, 1 hit, 0 errors, 1 left on base; Texas 7 - Memphis 1
BOTTOM OF THE 7TH
Memphis Blues batting - Pitching for Texas Rangers : RHP Lann Orange
Batting: LHB Max Foster 0-0: Ball
1-0: Swinging Strike
1-1: Ball
2-1: Ground out 6-3 (Groundball, 6, EV 103.8 MPH)
Batting: RHB Amadeo Ybarra 0-0: Called Strike
0-1: Ball
1-1: Swinging Strike
1-2: Foul Ball, location: 2F
1-2: Ball
2-2: Strikes out swinging
Batting: RHB Josh Benedict 0-0: Ball
1-0: Foul Ball, location: 5F
1-1: Fly out, F8 (Flyball, 8LD, EV 90.6 MPH)
Bottom of the 7th over - 0 runs, 0 hits, 0 errors, 0 left on base; Texas 7 - Memphis 1
TOP OF THE 8TH
Texas Rangers batting - Pitching for Memphis Blues : RHP Hastings Anderson
Batting: RHB Sebastian Carsten 0-0: Foul Ball, location: 9LMF
0-1: Ball
1-1: Ball
2-1: SINGLE (Groundball, 34D, EV 96.3 MPH)
Batting: RHB Pedro Medrano 0-0: Called Strike
0-1: Ball
1-1: Ball
2-1: Called Strike
2-2: Ball
3-2: Fly out, F4 (Popup, 4MD, EV 60.6 MPH)
Batting: RHB Yanus Cartageno 0-0: Fly out, F7 (Flyball, 7D, EV 99.4 MPH)
Batting: SHB Juan Pedro Sánchez 0-0: Foul Ball, location: 23FF
0-1: Ground out 4-3 (Groundball, 34, EV 80.0 MPH)
Top of the 8th over - 0 runs, 1 hit, 0 errors, 1 left on base; Texas 7 - Memphis 1
BOTTOM OF THE 8TH
Memphis Blues batting - Pitching for Texas Rangers : RHP Lann Orange
Pitching: RHP Elias Lafontaine
Batting: RHB Julien Straton 0-0: Foul Ball, location: 2F
0-1: Called Strike
0-2: Ball
1-2: Ball
2-2: Ball
3-2: Foul Ball, location: 2F
3-2: DOUBLE (Flyball, 78XD, EV 105.6 MPH)
Batting: LHB Caleb Oliver 0-0: Called Strike
0-1: Ground out 4-3 (Groundball, 4, EV 84.4 MPH)
Julien Straton to third
Batting: RHB Yohan Roque 0-0: Ball
1-0: Foul Ball, location: 2F
1-1: Foul Ball, location: 2LF
1-2: Ground out 1-3 (Groundball, P, EV 66.3 MPH)
Pitching: LHP Iván Cruz
Batting: LHB R.J. Brown 0-0: Called Strike
0-1: Ball
1-1: Foul Ball, location: 2F
1-2: Ball
2-2: SINGLE (Groundball, P, EV 88.1 MPH) (infield hit)
Julien Straton scores
Batting: LHB Alex Nicholson 0-0: Ball
1-0: Ball
2-0: Called Strike
2-1: Ball
3-1: Base on Balls
R.J. Brown to second
Batting: RHB Miles Hallam 0-0: Ball
1-0: Swinging Strike
1-1: Ground out 6-3 (Groundball, 6S, EV 86.3 MPH)
Bottom of the 8th over - 1 run, 2 hits, 0 errors, 2 left on base; Texas 7 - Memphis 2
TOP OF THE 9TH
Texas Rangers batting - Pitching for Memphis Blues : RHP Hastings Anderson
Batting: LHB Wade Briggs 0-0: Ball
1-0: Fly out, F9 (Flyball, 89M, EV 97.5 MPH)
Batting: RHB Stanley Gamble 0-0: Ball
1-0: Foul Ball, location: 9LMF
1-1: Called Strike
1-2: Ball
2-2: Ball
3-2: Strikes out swinging
Batting: RHB Santo Alonso 0-0: Ball
1-0: DOUBLE (Groundball, 5L, EV 102.5 MPH)
Batting: RHB Giosue Ceverini 0-0: Ball
1-0: Foul Ball, location: 2F
1-1: Called Strike
1-2: Fly out, F6 (Popup, 6D, EV 70.6 MPH)
Top of the 9th over - 0 runs, 1 hit, 0 errors, 1 left on base; Texas 7 - Memphis 2
BOTTOM OF THE 9TH
Memphis Blues batting - Pitching for Texas Rangers : LHP Iván Cruz
Batting: LHB Max Foster 0-0: Ball
1-0: Called Strike
1-1: Foul Ball, location: 3FF
1-2: Ball
2-2: Ground out 6-3 (Groundball, 6, EV 83.1 MPH)
Batting: RHB Amadeo Ybarra 0-0: Ball
1-0: Ball
2-0: Called Strike
2-1: Fly out, F4 (Popup, 4M, EV 58.8 MPH)
Batting: RHB Josh Benedict 0-0: Ball
1-0: Foul Ball, location: 7LMF
1-1: Ball
2-1: Swinging Strike
2-2: Fly out, F9 (Flyball, 9LSF, EV 85.6 MPH)
Bottom of the 9th over - 0 runs, 0 hits, 0 errors, 0 left on base; Texas 7 - Memphis 2
Tuesday, April 30th , 2024 - OOTP Baseball 24.11 Build 85